AoeStats
← b站江条

Arena

509815835Analyzed
1v1 RM · 3d ago on Sep 28, 2026· 34m 51s· 2 players
Game mode
Random Map
Map size
Tiny (2 player)
Population
200
Speed
Normal
Resources
Standard
Victory
Conquest
Starting age
Dark Age
Ending age
Imperial Age
RankedLock teamsTeams togetherTeam positionsShared explorationLock speedFull tech treeHidden civsTurbo modeCheats
Victory
Defeat
🇮🇳 Saxons · India
1387
+20
🇨🇳 Maya · China
1362
-15
b站江条
0:25 Loom
10:15 Feudal Age
14:29 Castle Age
12:53 Double-Bit Axe
16:07 Horse Collar
20:55 Bow Saw
22:31 Heavy Plow
29:09 Imperial Age
26:29 Crossbowman
27:11 Scale Mail Armor
27:03 Fletching
27:28 Gold Mining
27:48 Bodkin Arrow
28:56 Thumb Ring
28:50 Stone Mining
29:29 Ballistics
30:46 Wheelbarrow
30:00 Town Watch
30:58 Crop Rotation
31:07 Stone Shaft Mining
31:34 Two-Man Saw
31:08 Conscription
31:32 Padded Archer Armor
32:13 Hand Cart
32:01 Scale Mail Armor
33:06 Bracer
32:54 Eagle Warrior
HighEloREdiots
9:33 Feudal Age
14:15 Castle Age
13:09 Double-Bit Axe
13:06 Horse Collar
17:58 Loom
23:43 Fletching
24:31 Bow Saw
29:37 Imperial Age
27:45 Wheelbarrow
27:25 Scale Mail Armor
27:58 Forging
28:27 Chain Mail Armor
29:33 Iron Casting
29:50 Squires
29:35 Arson
29:41 Elite Varangian Guard
30:09 Gambesons
29:58 Shield Wall
31:07 Conscription
32:18 Plate Mail Armor
33:41 Capped Ram
Connection lost

Rejoining the realm…

Still unreachable

The connection could not be restored.

Session expired

The server has moved on; the page needs a fresh start.